 Dungeon Crawl Stone Soup version 0.29.1-4-g47bece8355 (webtiles) character file.

Game seed: 15833577121999718998

0 ChadusMaximus the Caller (level 1, -1/13 HPs)
             Began as a Human Summoner on Dec 7, 2022.
             Slain by a quokka (2 damage)
             ... on level 1 of the Dungeon.
             The game lasted 00:00:22 (92 turns).

ChadusMaximus the Caller (Human Summoner)             Turns: 92, Time: 00:00:22

Health: -1/13      AC:  2    Str:  8    XL:     1   Next: 11%
Magic:  2/3        EV: 12    Int: 15    God:
Gold:   0          SH:  0    Dex: 13    Spells: 3/4 levels left

rFire   . . .      SeeInvis .   (no weapon)
rCold   . . .      Faith    .   (no shield)
rNeg    . . .      Spirit   .   a - +0 robe
rPois   .          Reflect  .   (no helmet)
rElec   .          Harm     .   (no cloak)
rCorr   .          Rampage  .   (no gloves)
Will    .....                   (no boots)
Stlth   ++........              (no amulet)
HPRegen 0.04/turn               (no ring)
MPRegen 0.08/turn               (no ring)

@: no status effects
A: no striking features
a: no special abilities


You were on level 1 of the Dungeon.
You visited 1 branch of the dungeon, and saw 1 of its levels.

Inventory:

Armour
 a - a +0 robe (worn)
Potions
 b - a potion of magic
 c - a potion of brilliance {unknown}


   Skills:
 + Level 2.0 Dodging
 + Level 2.0 Stealth
 + Level 2.0 Spellcasting
 + Level 4.0 Summonings


You had 3 spell levels left.
You knew the following spells:

 Your Spells              Type           Power      Damage    Failure   Level
a - Summon Small Mammal   Summ           52%        N/A       4%          1

Your spell library contained the following spells:

 Spells                   Type           Power      Damage    Failure   Level
 Call Imp                 Summ           13%        N/A       6%          2
 Call Canine Familiar     Summ           13%        N/A       13%         3
 Summon Guardian Golem    Hex/Summ       7%         N/A       28%         3
 Summon Lightning Spire   Summ/Air       7%         N/A       67%         4


Dungeon Overview and Level Annotations

Branches:
Dungeon (1/15)

Altars:


Message History

Your bat completely misses the quokka.
The quokka bites your bat.
Your bat dies!
Your bat's corpse disappears in a puff of smoke!
Casting: Summon Small Mammal (safe; 4% risk of failure)
Confirm with . or Enter, or press ? or * to list all spells.
The quokka bites your quokka.
Your quokka barely misses the quokka.
The quokka twitches its whiskers.
The quokka barely misses your quokka.
Your quokka closely misses the quokka.
The quokka bites your quokka.
Your quokka dies!
Your quokka's corpse disappears in a puff of smoke!
Casting: Summon Small Mammal (safe; 4% risk of failure)
Confirm with . or Enter, or press ? or * to list all spells.
The quokka twitches its whiskers.
The quokka bites you.
You swap places.
The quokka barely misses your rat.
Your rat bites the quokka but does no damage.
Casting: Summon Small Mammal (safe; 4% risk of failure)
Confirm with . or Enter, or press ? or * to list all spells.
You don't know that spell.
The quokka bites your rat.
Your rat misses the quokka. The quokka bites your rat.
Your rat dies!
Your rat's corpse disappears in a puff of smoke!
There is a stone staircase leading down here.
A goblin comes into view. It is wielding a +2 dagger of venom.
Found a red potion.
Found a scroll labelled LELYIDYAKK.
A bat comes into view.
The quokka attacks as you move away! The quokka closely misses you.
The quokka attacks as you move away! The quokka bites you.
* * * LOW HITPOINT WARNING * * *
The quokka attacks as you move away! The quokka closely misses you.
The quokka completely misses you. The quokka attacks as you move away!
The quokka barely misses you. The quokka attacks as you move away!
The quokka bites you but does no damage.
The quokka barely misses you. The quokka attacks as you move away!
The quokka bites you.
You die...

..# ..# .. #...# #.#
#.###.# # #...# #.#
......# #..g# #.#
#.#.#.# #...####.#
....#.# ##.......#
#.#.#.# +.......#
......####### #.......#
#.###.......###.r.....#
..# ####.##.##..@..$..#
### #.##.##........#
.#.#...........# ⌠.
#####........# ..⌠
#........# ∩#..
#......(.# .#_#8
#........# ..#######.#
... #.#


You could see a quokka and a goblin.

Vanquished Creatures (collateral kills)
  A bat (D:1)
1 creature vanquished.

Notes
Turn   | Place    | Note
-------+----------+-------------------------------------------
     0 | D:1      | ChadusMaximus the Human Summoner began the quest for the
                  | Orb.
     0 | D:1      | Reached XP level 1. HP: 13/13 MP: 3/3
    17 | D:1      | Found a faded altar of an unknown god.
    92 | D:1      | Slain by a quokka

Illustrated notes

Levels and vault maps discovered:
D:1:      roderic_chinese_lattice_arrival, layout_basic,
          shapermc_ecumenical_altar_venn, chequers_big_river,
          minmay_pentomino_t4

Action                   || total
-------------------------++-------
Melee: Unarmed           ||     3
 Cast: Summon Small Mamm ||     6
Armor: Robe              ||     5
Dodge: Dodged            ||    17
